 Dungeon Crawl Stone Soup version 0.28.0-49-g6dfe1f597d (webtiles) character file.

Game seed: 1543699427848509014

1900 Atelerd the Sneak (level 9, -1/76 HPs)
             Began as an Octopode Earth Elementalist on May 16, 2022.
             Was a Believer of Sif Muna.
             Slain by a killer bee zombie (4 damage)
             ... on level 6 of the Dungeon.
             The game lasted 00:11:31 (6660 turns).

Atelerd the Sneak (Octopode Earth Elementalist)     Turns: 6660, Time: 00:11:31

Health: -1/76      AC: 24    Str:  5 (7)  XL:     9   Next: 15%
Magic:  20/25      EV:  2    Int: 21 (22) God:    Sif Muna [**....]
Gold:   306        SH:  0    Dex: 11 (12) Spells: 13/18 levels left

rFire   . . .      SeeInvis .   l - +2 dagger (venom)
rCold   . . .      Faith    .   (no shield)
rNeg    . . .      Spirit   .   (helmet currently unavailable)
rPois   +          Reflect  .   k - amulet of magic regeneration
rElec   .          Harm     .   e - ring of magical power
rCorr   .          Rampage  .   (no ring)
Will    .....      NoTele   +   (no ring)
Stlth   +++.......              (no ring)
HPRegen 0.22/turn               (no ring)
MPRegen 0.59/turn               (no ring)
                                (no ring)
                                (no ring)

@: tree-form, attractive
A: stationary, stasis, torment immunity, boosted hp, almost no armour,
(amphibious), 8 rings, (camouflage 1), (gelatinous body 1), (nimble swimmer 1),
(tentacles), (large bone plates 1), MP-powered wands
a: Renounce Religion, Channel Magic


You were on level 6 of the Dungeon.
You worshipped Sif Muna.
Sif Muna was pleased with you.
You were a tree.
You visited 1 branch of the dungeon, and saw 6 of its levels.

You collected 351 gold pieces.
You spent 45 gold pieces at shops.

Inventory:

Hand Weapons
 a - a +0 dagger
 f - a +0 rapier
 l - a +2 dagger of venom (weapon)
Jewellery
 e - a ring of magical power (left branch)
 k - an amulet of magic regeneration (around neck)
Wands
 o - a wand of iceblast (10)
Scrolls
 d - 2 scrolls of fear
 g - a scroll of amnesia
 i - 4 scrolls of identify
 j - 2 scrolls of teleportation
Potions
 c - a potion of degeneration
 n - a potion of might {unknown}
 r - a potion of brilliance {unknown}


   Skills:
 - Level 2.0 Dodging
 + Level 7.5 Stealth
 + Level 5.2 Spellcasting
 - Level 7.0 Transmutations
 + Level 6.1 Earth Magic
 - Level 2.0 Invocations


You had 13 spell levels left.
You knew the following spells:

 Your Spells              Type           Power      Damage    Failure   Level
a - Sandblast             Erth           62%        2d14      1%          1
p - Petrify               Tmut/Erth      33%        N/A       7%          4

Your spell library contained the following spells:

 Spells                   Type           Power      Damage    Failure   Level
 Passwall                 Tmut/Erth      27%        N/A       1%          2
 Stone Arrow              Conj/Erth      36%        3d9       9%          3
 Ignite Poison            Fire/Tmut/Pois 15%        N/A       12%         3
 Scorch                   Fire           10%        2d6       16%         2
 Conjure Flame            Conj/Fire      5%         6-21      32%         3
 Flame Wave               Conj/Fire      5%         2d5       71%         4
 Sticky Flame             Conj/Fire      5%         2d3       71%         4
 Summon Cactus Giant      Summ           2%         N/A       100%        6


Dungeon Overview and Level Annotations

Branches:
Dungeon (6/15)             Temple (0/1) D:6

Altars:
Kikubaaqudgha
Sif Muna
Zin

Shops:
D:4 *   D:6 =

Annotations:
D:1 exclusion: downstairs
D:5 exclusion: downstairs


Innate Abilities, Weirdness & Mutations

You are a tree.
Your roots penetrate the ground, keeping you stationary.
You cannot be teleported.
You are immune to unholy pain and torment.
Your maximum health is greatly increased.
You cannot wear most types of armour.
((You are amphibious.))
You can wear up to eight rings at the same time.
((Your skin changes colour to match your surroundings (Stealth+).))
((Your rubbery body absorbs attacks. (AC +1, EV +1)))
((You are camouflaged when in or above water. (Stealth+)))
((You have tentacles for arms and can constrict up to eight enemies at once.))
((You are partially covered in large bone plates. (SH +4)))
You expend magic power (3 MP) to strengthen your wands.


Message History

Unknown command.
Casting: Sandblast (safe; 1% risk of failure)
Confirm with . or Enter, or press ? or * to list all spells.
Okay, then.
Okay, then.
Okay, then.
Okay, then.
Okay, then.
You hit the killer bee zombie but do no damage.
Your grab misses the killer bee zombie.
The killer bee zombie is severely damaged.
The gnoll sergeant is no longer petrified.
The killer bee zombie hits you.
* * * LOW HITPOINT WARNING * * *
The killer bee zombie misses you.
It was a potion of degeneration.
There was something very wrong with that liquid.
You feel weakened.
You feel dopey.
You feel clumsy. The killer bee zombie hits you.
* * * LOW HITPOINT WARNING * * *
The killer bee zombie hits you.
* * * LOW HITPOINT WARNING * * *
It was a potion of mutation.
You feel extremely strange.
Large bone plates grow over parts of your tentacles.
You feel your magical essence link to the dungeon's wands.
You block the gnoll sergeant's attack. The killer bee zombie misses you.
It was a potion of curing.
You feel better. The killer bee zombie hits you!
* * * LOW HITPOINT WARNING * * *
The gnoll sergeant misses you. The killer bee zombie hits you.
* * * LOW HITPOINT WARNING * * *
It was a potion of lignification.
You turn into a tree.
Your roots penetrate the ground.
The killer bee zombie hits you but does no damage.
The gnoll sergeant hits you from afar with a +0 trident.
* * * LOW HITPOINT WARNING * * *
The killer bee zombie hits you but does no damage.
It was a potion of attraction.
You feel attractive to monsters. The killer bee zombie hits you.
You die...

#.# ...## '...##..##
)...### ..
##...##....#....... ...
.....##....)## ...#
....##......#
....###''##....††.#
................g.##
................Z..#
.......)........♣..#
...................###
#.....................#
##...<..............###
....#
#..................#
.....##
#........)).......)#
.....#
##.................#
#....
##................#
##...
###............###
#....


You could see a gnoll sergeant and a killer bee zombie.

Vanquished Creatures
  Edmund (D:6)
  An ice beast (D:5)
  A sky beast (D:5)
  2 black bears
  A necrophage (D:6)
  3 phantoms
  A scorpion (D:5)
  A water moccasin zombie (D:5)
  4 wights (D:6)
  A howler monkey (D:6)
  A bullfrog zombie (D:5)
  4 hounds
  A jelly (D:4)
  A bullfrog skeleton (D:5)
  2 gnoll shamans (D:6)
  4 iguanas
  Natasha (thrice) (D:2)
  A killer bee zombie (D:6)
  A hound zombie (D:5)
  15 gnolls
  6 adders
  2 howler monkey skeletons
  3 white imps
  2 dart slugs
  An orc (D:3)
  8 ball pythons
  5 endoplasms
  6 giant cockroaches
  9 goblins
  7 hobgoblins
  A jackal (D:6)
  3 quokkas
  6 bats
  A frilled lizard (D:2)
  8 kobolds
  9 rats
  A spectral goblin (D:3)
127 creatures vanquished.

Notes
Turn   | Place    | Note
-------+----------+-------------------------------------------
     0 | D:1      | Atelerd the Octopode Earth Elementalist began the quest for
                  | the Orb.
     0 | D:1      | Reached XP level 1. HP: 11/11 MP: 3/3
   186 | D:1      | Reached XP level 2. HP: 17/17 MP: 3/5
   657 | D:1      | Reached XP level 3. HP: 11/21 MP: 1/6
   967 | D:2      | Noticed Natasha
  1024 | D:2      | Found an ancient bone altar of Kikubaaqudgha.
  1269 | D:2      | Reached XP level 4. HP: 27/27 MP: 8/8
  1288 | D:3      | Found a shimmering blue altar of Sif Muna.
  1288 | D:3      | Found a glowing silver altar of Zin.
  1575 | D:3      | Became a worshipper of Sif Muna the Loreminder
  1938 | D:3      | Found a faded altar of an unknown god.
  2186 | D:3      | Reached XP level 5. HP: 31/31 MP: 9/9
  2682 | D:4      | Reached * piety under Sif Muna
  2809 | D:4      | Found Jaedd's General Store.
  2812 | D:4      | Found Lelof's Specific Store.
  2817 | D:4      | Bought a scroll of fear for 45 gold pieces
  3030 | D:4      | Noticed a phantom
  3039 | D:4      | Killed a phantom
  3040 | D:4      | Reached XP level 6. HP: 33/36 MP: 11/11
  3385 | D:5      | Entered Level 5 of the Dungeon
  3417 | D:5      | Learned a level 4 spell: Petrify
  3584 | D:5      | Reached XP level 7. HP: 23/41 MP: 12/12
  3838 | D:5      | Reached skill level 5 in Stealth
  3955 | D:5      | Reached skill level 5 in Earth Magic
  3975 | D:5      | Reached skill level 5 in Transmutations
  4115 | D:5      | Reached XP level 8. HP: 46/46 MP: 14/14
  4709 | D:2      | Killed Natasha
  4747 | D:2      | You fall into a shaft and drop 1 floor!
  5097 | D:2      | Noticed Natasha
  5101 | D:2      | Killed Natasha
  5150 | D:2      | Noticed Natasha
  5161 | D:2      | Killed Natasha
  5350 | D:6      | Reached ** piety under Sif Muna
  5430 | D:6      | Noticed Edmund
  5432 | D:6      | Reached skill level 1 in Invocations
  5451 | D:6      | Killed Edmund
  5692 | D:6      | Found a staircase to the Ecumenical Temple.
  6081 | D:6      | Reached skill level 5 in Spellcasting
  6081 | D:6      | Reached XP level 9. HP: 9/50 MP: 16/16
  6367 | D:6      | Found Paczatu's Jewellery Shoppe.
  6657 | D:6      | Gained mutation: You are partially covered in large bone
                  | plates. (SH +4) [potion of mutation]
  6657 | D:6      | Gained mutation: You expend magic power (3 MP) to
                  | strengthen your wands. [potion of mutation]
  6659 | D:6      | HP: 3/76 [gnoll sergeant/+0 trident (2)]
  6660 | D:6      | Slain by a killer bee zombie

Illustrated notes

Levels and vault maps discovered:
D:1:      wander_arrival_lonely_grave, layout_rooms
D:2:      layout_rooms, basic_altar, uniq_natasha
D:3:      layout_basic, chequers_temple_overflow_statue_of_worship,
          dreamdust_ecumenical_altar_drowned_temple
D:4:      layout_loops_corners, nicolae_specific_store
D:5:      layout_gridville
D:6:      layout_cave_pods, minmay_temple_entry_from_below_a, serial_gnoll_camp,
          gnoll_camp_mini_shop, gnoll_camp_mini_hut, gnoll_camp_mini_house,
          gnoll_camp_mini_basic, gnoll_camp_mini_hut, amcnicky_mini_pool_medium,
          uniq_edmund

Skill      XL: |  1  2  3  4  5  6  7  8  9 |
---------------+----------------------------+-----
Stealth        | 3 4 5 7 |  7.5
Transmutations | 2 3 4 5 6 7 |  7.0
Spellcasting   | 3 4 5 |  5.2
Earth Magic    | 4 5 6 |  6.1
Invocations    | 2 |  2.0
Dodging        | |  2.0

Action                   |  1- 3 |  4- 6 |  7- 9 || total
-------------------------+-------+-------+-------++-------
Melee: Dagger            |    24 |     6 |    39 ||    69
       Constrict         |     9 |     2 |    12 ||    23
       Unarmed           |     1 |       |       ||     1
       Tentacles         |     2 |     3 |     9 ||    14
       Punch             |     1 |       |       ||     1
       Rapier            |       |     8 |       ||     8
 Cast: Sandblast         |    40 |    72 |    90 ||   202
       Petrify           |       |       |    20 ||    20
Evoke: Wand              |       |       |     1 ||     1
  Use: Potion            |       |     1 |     5 ||     6
       Scroll            |       |       |     2 ||     2
 Stab: Sleeping          |     1 |     1 |       ||     2
       Petrified         |       |       |    28 ||    28
       Petrifying        |       |       |     1 ||     1
Armor: Skin              |     6 |     2 |     3 ||    11
Dodge: Dodged            |    25 |    24 |    39 ||    88
Block: Other             |       |       |     1 ||     1
